Zazza, neutral female human Tourist ----- # |...| ------ ----- -----.------ |...| --------- |....| |....# |..|.......| |...| #........| |.....# |...|# |...).....>.#####|...-######|.......| |....|# |...|# #-...[......| #-...| |.......| |....|# |....#####)##|..........| |...| |.......| |....|# |..#|### ------------ ----- --------- |....|### -.--- # ------ # # ### ### ###### # # -.--------- ### ###|.........| # #-......[...######## |.........| # ------- |....<....| ###|.f...n####)h#)%## ---------------- ----------- #..<...| # |.\............| |.....-############-.....)........| ------- ---------------- Zazza the Excursionist Experience level: 8 Strength: 16 Dexterity: 11 Constitution: 17 Intelligence: 14 Wisdom: 10 Charisma: 16 Health: 0(68) Energy: 24(24) Def: 6 Gold: 0 Moves: 6067 Dungeon seed: vKy5KQBwUdojUlTT Game ID: Zazza_1575992393 Your Inventory: Weapons a - 21 +2 darts (in quiver) g - 2 blessed +1 daggers (wielded) M - a +0 orcish dagger Armor c - an uncursed +0 pair of jumping boots (being worn) e - an uncursed +0 Hawaiian shirt (being worn) q - a blessed +1 pair of leather gloves (being worn) r - an uncursed +0 helmet (being worn) y - an uncursed +0 helm of telepathy J - an uncursed +0 dwarvish roundshield K - an uncursed +0 cloak of invisibility (being worn) Y - a cursed -1 pair of gauntlets of fumbling Comestibles f - an uncursed carrot p - an uncursed pancake x - an uncursed cram ration F - an uncursed egg Scrolls s - a blessed scroll of confuse monster t - 2 uncursed scrolls of create monster w - a cursed scroll of remove curse B - an uncursed scroll of destroy armor C - an uncursed scroll of confuse monster L - 3 uncursed scrolls of enchant armor Potions d - an uncursed potion of gain energy h - a blessed potion of blindness u - 2 uncursed potions of water v - an uncursed potion of restore ability z - an uncursed potion of booze A - an uncursed potion of speed S - a blessed potion of fruit juice W - 3 uncursed potions of object detection Rings i - a blessed +1 ring of protection (on left hand) Wands n - a wand of probing (0:5) Tools l - an expensive camera (0:78) E - an uncursed mirror Q - an uncursed lock pick Spells and supernatural/magical abilities: Name Level Category Fail Memory W - pray for help -- divine ? -- Y - supernatural jump -- ability ? -- Your skills at the end: Fighting Skills bare handed combat [Basic] Weapon Skills dagger [Skilled] dart [Skilled] Spellcasting Skills Final Attributes: You were piously aligned. You were poison resistant. You were telepathic. You were invisible. You could jump. You could teleport. You were protected. You were lucky. You are dead. Vanquished creatures: a small mimic a tengu a giant beetle a cockatrice a leprechaun an orc-captain an ogre 2 gold golems a chickatrice a raven a gnome mummy 2 rope golems 4 bugbears a wood nymph a water nymph 2 mountain nymphs 8 Mordor orcs 2 orc shamans a rock piercer 2 fog clouds a violet fungus a gnome lord a kobold mummy 2 gray oozes a paper golem a baby crocodile 4 floating eyes 2 kittens a dwarf 2 homunculi a rabid rat a centipede 3 giant bats 9 orc zombies a dwarf zombie a wererat 7 coyotes a gas spore 2 hobbits a large kobold 10 hobgoblins 7 giant rats a yellow mold a red mold a gnome 2 garter snakes 2 geckos 8 jackals a fox 3 kobolds 3 goblins 18 sewer rats 4 grid bugs a bat 3 lichens a kobold zombie 6 newts 150 creatures vanquished. Voluntary challenges: You had been an atheist until turn 2526. You used a wielded weapon 203 times, starting on turn 2282. You read items or engraved 18 times, starting on turn 81. You never genocided any monsters. You never polymorphed an object. You never changed form. You used no wishes. You never split a pudding. You wrote Elbereth's name 10 times, starting on turn 81. You never violated your personal moral code. Dungeon overview: The Dungeons of Doom: levels 1 to 10 Level 1 some fountains a long staircase Level 2 Level 3 a long staircase Level 4 a sink Level 5 some fountains Level 6 Level 7 many fountains Level 8 <- You were here a sink, a throne stairs to Sokoban Level 9 an armor shop, a fountain Level 10 Sokoban: Level 7 stairs to The Dungeons of Doom History has recorded: On T:1 you entered the Dungeons of Doom to retrieve the Amulet of Yendor! On T:439 you advanced to experience level 2. On T:531 you reached level 2 of The Dungeons of Doom. On T:873 you reached level 3 of The Dungeons of Doom. On T:901 you advanced to experience level 3. On T:1201 you reached level 4 of The Dungeons of Doom. On T:1289 you reached level 5 of The Dungeons of Doom. On T:1579 you reached level 6 of The Dungeons of Doom. On T:1639 you advanced to experience level 4. On T:2232 you reached level 7 of The Dungeons of Doom. On T:2624 you advanced to experience level 5. On T:3033 you advanced to experience level 6. On T:3064 you reached level 4 of Sokoban. On T:4106 you reached level 9 of The Dungeons of Doom. On T:4206 you advanced to experience level 7. On T:5580 you reached level 10 of The Dungeons of Doom. On T:5813 you advanced to experience level 8. Score breakdown: Gold: 0 ( 0 points) Experience: 8 levels (14739 points) Exploration: 10 levels ( 20.83%) (13127 points) Discoveries: 15 items ( 5.03%) ( 6730 points) Valuables value: (no points given unless you survive) Artifact value: 0 ( 0 points) Variety of kills: 57 monsters ( 14.96%) (11603 points) Turncount: 6067 turns (-1640 points) Survival: died (score multiplied by 80%) Total score: 35647 Latest messages: You miss the large cat. The large cat bites! You miss the large cat. The large cat bites! (2x) The large cat devours a pancake. The large cat eats a hobgoblin corpse. You resume your meal. The bugbear picks up a scimitar. You stop eating. There are a few objects here. You are almost hit by an orcish dagger. You stop. Your large cat is in the way! You are hit by an orcish dagger. You write in the dust with your fingers. You hear some noises. The bugbear turns to flee! The bugbear swings his scimitar. The bugbear hits! You die... Final status: Aloha Zazza the Tourist, killed by a bugbear... You died in The Dungeons of Doom on dungeon level 8 with 35647 points, and 0 pieces of gold, after 6067 moves. You were level 8 with a maximum of 68 hit points when you died.